 Dungeon Crawl Stone Soup version 0.29.1 (webtiles) character file.

Game seed: 17996436891422071119

93860 qw the Warrior (level 15, 1/1 (152) HPs)
             Began as a Minotaur Berserker on Sept 13, 2022.
             Was a Believer of Trog.
             Tarried too long and was consumed by Zot
             ... on level 1 of the Orcish Mines.
             The game lasted 00:41:33 (38600 turns).

qw the Warrior (Minotaur Berserker)                Turns: 38600, Time: 00:41:34

HP:   1/1 (152)     AC: 32    Str: 37    XL:     15   Next: 61%
MP:   14/14         EV: 13    Int:  7    God:    Trog [**....]
Gold: 1767          SH: 12    Dex: 12    Spells: 14/14 levels left

rFire   . . .      SeeInvis .   s - +3 war axe (vamp)
rCold   . . .      Faith    .   v - +0 buckler
rNeg    . . .      Spirit   .   q - +8 chain mail of Vaduuxanup {Int+3}
rPois   +          Reflect  +   (helmet restricted)
rElec   .          Harm     .   y - +2 cloak
rCorr   .          Rampage  .   n - +0 pair of gloves
Will    +....                   z - +1 pair of boots of the Swamp {*Slow Fly Str+8 Dex+2}
Stlth   ..........              p - amulet of reflection
HPRegen 0.01/turn               b - ring of poison resistance
MPRegen 0.14/turn               r - +4 ring of protection

@: flying, extremely drained, bezotted and risking death
A: horns 2, retaliatory headbutt
a: Renounce Religion, Berserk, Trog's Hand


You were on level 1 of the Orcish Mines.
You worshipped Trog.
Trog was pleased with you.
You visited 3 branches of the dungeon, and saw 22 of its levels.
You visited the Abyss 1 time.
You also visited: Sewer and Ossuary.

You collected 2009 gold pieces.
You spent 242 gold pieces at shops.


Innate Abilities, Weirdness & Mutations

You have a pair of horns on your head.
You reflexively headbutt those who attack you in melee.


   Skills:
 - Level 19.0 Fighting
 - Level 16.1 Axes
 - Level 10.0 Throwing
 - Level 14.0 Armour
 + Level 9.3 Dodging
 - Level 11.6 Shields


You had 14 spell levels left.
You didn't know any spells.
Your spell library was empty.

Inventory:

Hand Weapons
 m - a +1 eveningstar of draining
 s - a +3 vampiric war axe (weapon)
 w - the +8 war axe of Outrage {venom, rPois Will++}
   (You found it on level 5 of the Lair of Beasts)

   It poisons the flesh of those it strikes.
   rPois:     It protects you from poison.
   Will:      It greatly increases your willpower.
Armour
 n - a +0 pair of gloves (worn)
 q - the +8 chain mail of Vaduuxanup (worn) {Int+3}
   (You found it on level 3 of the Dungeon)

   Int:       It affects your intelligence (+3).
 v - a +0 buckler (worn)
 y - a +2 cloak (worn)
 z - the +1 pair of boots of the Swamp (worn) {*Slow Fly Str+8 Dex+2}
   (You found it on level 15 of the Dungeon)

   Str:       It affects your strength (+8).
   Dex:       It affects your dexterity (+2).
   Fly:       It grants you flight.
   *Slow:     It may slow you when you take damage.
Jewellery
 b - a ring of poison resistance (left hand)
 k - a ring of see invisible
 o - a +6 ring of strength
 p - an amulet of reflection (around neck)
 r - a +4 ring of protection (right hand)
 t - a ring of protection from fire
 u - a ring of fire
Scrolls
 a - 11 scrolls of identify
 f - 5 scrolls of teleportation
Potions
 c - a potion of cancellation
 d - 7 potions of mutation
 e - 2 potions of haste
 g - 9 potions of heal wounds
 h - 5 potions of resistance
 i - 9 potions of curing
 l - 5 potions of might

Dungeon Overview and Level Annotations

Branches:
Dungeon (15/15) Temple (0/1) D:6 Lair (5/5) D:8 Swamp (0/4) Lair:3 Spider (0/4) Lair:3 Slime (0/5) Lair:4 Orc (2/2) D:11 Zot: 0! Vaults (0/5) D:13 Depths (0/4) D:15 Sewer (visited) Ossuary (visited) Elf: Orc:2 You are so drained that the power of Zot will kill you!

Altars:
Nemelex Xobeh
Ru
Trog
Vehumet
Jiyva

Shops:
D:6 *

Portals:
Abyss: D:11

Annotations:
D:4 1 runed translucent door, qw's ghost, amateur GrFi
D:11 2 transporters, qw's ghost, journeyman GrFi
D:12 6 runed translucent doors
D:14 3 runed translucent doors, Ficoysum's ghost, journeyman GnWn
Lair:3 2 transporters, qw's ghost, journeyman TrCA
Orc:1 5 transporters


Message History

Partly explored, unvisited transporter.
(D) Dungeon (T) Temple (L) Lair (S) Swamp (N) Spider Nest (M) Slime Pits (O) Orcish Mines (V) Vaults (U) Depths
Where to? (* - list waypoints, Enter - Orc:1, ? - help)
What level of the Orcish Mines? (default 1, ? - help)
You fly downwards.
There is a stone staircase leading up here.
(D) Dungeon (T) Temple (L) Lair (S) Swamp (N) Spider Nest (M) Slime Pits (O) Orcish Mines (V) Vaults (U) Depths
Where to? (* - list waypoints, Enter - Orc:2, ? - help)
What level of the Orcish Mines? (default 1, ? - help)
You fly upwards.
Level annotation: 5 transporters
There is a stone staircase leading down here.
Partly explored, unvisited transporter.
(D) Dungeon (T) Temple (L) Lair (S) Swamp (N) Spider Nest (M) Slime Pits (O) Orcish Mines (V) Vaults (U) Depths
Where to? (* - list waypoints, Enter - Orc:1, ? - help)
What level of the Orcish Mines? (default 1, ? - help)
You fly downwards.
There is a stone staircase leading up here.
(D) Dungeon (T) Temple (L) Lair (S) Swamp (N) Spider Nest (M) Slime Pits (O) Orcish Mines (V) Vaults (U) Depths
Where to? (* - list waypoints, Enter - Orc:2, ? - help)
What level of the Orcish Mines? (default 1, ? - help)
You fly upwards.
Level annotation: 5 transporters
There is a stone staircase leading down here.
Partly explored, unvisited transporter.
(D) Dungeon (T) Temple (L) Lair (S) Swamp (N) Spider Nest (M) Slime Pits (O) Orcish Mines (V) Vaults (U) Depths
Where to? (* - list waypoints, Enter - Orc:1, ? - help)
What level of the Orcish Mines? (default 1, ? - help) Zot's will forges a new reality, without you in it.
You die...

### ##.# #..###
###.#@# #.#...#
##.....#
####......####
#........[.#.#
###...)##)...####
#.....##......#.##
###....####........#
#.#......#.......###


There were no monsters in sight!

Vanquished Creatures
  Jorgrun (D:15)
  Kirke (D:15)
  Agnes (D:14)
  A balrug (Abyss:2)
  Josephine (Orc:2)
  A vault guard (D:13)
  Erolcha (D:11)
  3 boulder beetles
  6 hydras
  2 death knights
  4 catoblepae
  2 two-headed ogres
  3 centaur warriors (D:14)
  15 death yaks
  A thrashing horror (Abyss:2)
  Urug (Lair:2)
  4 sun demons (Abyss:2)
  5 skeletal warriors (D:13)
  A glowing orange brain (Abyss:2)
  2 deep elf zephyrmancers (D:15)
  2 starcursed masses (Abyss:2)
  2 orc knights
  A wizard (D:13)
  4 orc sorcerers
  2 deep elf pyromancers
  7 cyclopes
  3 ugly things
  8 manticores
  4 necromancers
  A worldbinder (Abyss:2)
  16 elephants
  A gargoyle (D:12)
  A torpor snail (Lair:4)
  A cane toad (shapeshifter) (D:12)
  6 cane toads
  A centaur skeleton (D:15)
  A smoke demon (Abyss:2)
  2 unseen horrors
  2 rime drakes
  3 komodo dragons
  An efreet (D:14)
  Psyche (D:11)
  5 trolls
  2 hornets
  11 blink frogs
  11 slime creatures
  A hornet (shapeshifter) (D:15)
  3 large abominations (Abyss:2)
  7 dream sheep
  2 vampires
  A meliai zombie (D:15)
  3 wyverns
  4 culicivoras (Lair:3)
  2 shadows
  A centaur simulacrum (D:15)
  5 wraiths
  46 yaks
  3 ynoxinuls
  20 humans (D:13)
  3 hogs (D:15)
  4 basilisks
  6 vampire mosquitoes
  2 swamp worms (Lair:2)
  2 wargs
  4 acid dragons
  9 water moccasins
  14 orc warriors
  Pargi (D:3)
  3 black bears
  2 ogres (Orc:2)
  4 centaurs
  20 wolves
  4 phantoms
  7 kobold brigands
  8 bullfrogs
  A gnoll sergeant (D:12)
  3 necrophages
  4 scorpions
  11 wights
  A hornet simulacrum (D:15)
  6 killer bees
  2 howler monkeys
  4 electric eels (Lair:2)
  A centaur zombie (Ossuary)
  3 hounds
  A lava snake (D:12)
  9 orc priests
  14 jellies
  4 iguanas
  A gnoll bouda (Lair:5)
  18 orc wizards
  9 hell rats
  A small abomination (Abyss:2)
  5 mummies (Ossuary)
  14 gnolls
  12 river rats
  11 adders
  A shadow imp (D:5)
  2 white imps
  4 ufetubi (D:6)
  3 worms
  4 dart slugs
  62 orcs
  12 ball pythons
  4 bats
  12 endoplasms
  3 giant cockroaches
  5 goblins
  13 hobgoblins
  13 jackals
  13 quokkas
  A frilled lizard (Sewer)
  4 hobgoblin zombies (Ossuary)
  28 kobolds
  19 rats
684 creatures vanquished.

Vanquished Creatures (collateral kills)
  Snorg (D:11)
  A boulder beetle (D:10)
  A blink frog (Lair:4)
  A yak (Lair:5)
  A basilisk (D:13)
  2 water moccasins (Lair:1)
  A jelly (Lair:4)
8 creatures vanquished.

Vanquished Creatures (others)
  7 fungi
  33 plants
40 creatures vanquished.

Grand Total: 732 creatures vanquished

Notes
Turn   | Place    | Note
-------+----------+-------------------------------------------
     0 | D:1      | qw the Minotaur Berserker began the quest for the Orb.
     0 | D:1      | Reached XP level 1. HP: 19/19 MP: 0/0
     0 | D:1      | 0 ||| qw: Version: 0.1-a-119-g272c26d
     0 | D:1      | 0 ||| qw: Game counter: 11193
     0 | D:1      | 0 ||| qw: Always use a shield: true
     0 | D:1      | 0 ||| qw: Do Orc after D:15 true
     0 | D:1      | 0 ||| qw: Do second Lair branch before Depths: true
     0 | D:1      | 0 ||| qw: Lair rune preference: random
     0 | D:1      | 0 ||| qw: Plans: Normal
     0 | D:1      | 0 ||| PLANNING D:1-11
   383 | D:1      | Reached XP level 2. HP: 17/26 MP: 1/1
  1042 | D:1      | 1042 ||| Stepping ~*~*~tactically~*~*~ (stealth).
  1089 | D:1      | Found a faded altar of an unknown god.
  1422 | D:1      | 1422 ||| UPGRADING to +0 ring mail.
  1432 | D:1      | 1432 ||| DROPPING +0 animal skin.
  1433 | D:1      | 1433 ||| UPGRADING to ring of willpower.
  1434 | D:1      | 1434 ||| READING scroll labelled NEROWK MISUSTE.
  1435 | D:1      | 1435 ||| READING scroll labelled JYTOANG VAODAN.
  1459 | D:2      | 1459 ||| Stepping ~*~*~tactically~*~*~ (stealth).
  1466 | D:2      | Reached XP level 3. HP: 25/31 MP: 2/2
  1466 | D:2      | Reached ** piety under Trog
  1688 | D:2      | Reached XP level 4. HP: 39/39 MP: 3/3
  1709 | D:2      | Reached skill level 6 in Axes
  1743 | D:2      | 1743 ||| DROPPING +0 whip.
  2211 | D:2      | 2211 ||| READING scroll labelled PAUGOYCOARR.
  2212 | D:2      | 2212 ||| READING scroll labelled FUNEST MEVE.
  2213 | D:2      | 2213 ||| READING 2 scrolls of identify.
  2213 | D:2      | 2213 ||| IDENTIFYING murky white potion
  2588 | D:3      | 2588 ||| Stepping ~*~*~tactically~*~*~ (stealth).
  2592 | D:3      | 2592 ||| Stepping ~*~*~tactically~*~*~ (stealth).
  2616 | D:3      | 2616 ||| Stepping ~*~*~tactically~*~*~ (stealth).
  2629 | D:3      | 2629 ||| Stepping ~*~*~tactically~*~*~ (stealth).
  2634 | D:3      | 2634 ||| Stepping ~*~*~tactically~*~*~ (stealth).
  2719 | D:3      | Reached *** piety under Trog
  2821 | D:3      | Noticed Pargi
  2842 | D:3      | 2842 ||| INVOKING Berserk.
  2843 | D:3      | Killed Pargi
  2844 | D:3      | Reached XP level 5. HP: 24/45 MP: 4/4
  3128 | D:3      | Reached skill level 4 in Fighting
  3128 | D:3      | Reached XP level 6. HP: 28/53 MP: 5/5
  3340 | D:3      | Identified the +8 chain mail of Vaduuxanup {Int+3}
  3349 | D:3      | 3349 ||| INVOKING Berserk.
  3576 | D:3      | 3576 ||| UPGRADING to +0 scale mail.
  3586 | D:3      | 3586 ||| DROPPING +0 ring mail.
  3587 | D:3      | 3587 ||| UPGRADING to +0 chain mail.
  3597 | D:3      | 3597 ||| DROPPING +0 scale mail.
  3598 | D:3      | 3598 ||| UPGRADING to +8 chain mail of Vaduuxanup {Int+3}.
  3608 | D:3      | 3608 ||| DROPPING +0 chain mail.
  3609 | D:3      | 3609 ||| UPGRADING to ring of willpower.
  3610 | D:3      | 3610 ||| UPGRADING to +4 ring of protection.
  3612 | D:3      | 3612 ||| DROPPING ring of willpower.
  3613 | D:3      | 3613 ||| READING 2 scrolls labelled KEASIMP XEOLA.
  3616 | D:3      | 3616 ||| READING scroll labelled CAELYCKUAV VINKIA.
  3617 | D:3      | 3617 ||| READING scroll labelled PONNIVV CEFE.
  3618 | D:3      | 3618 ||| READING scroll labelled MOQISO EDUU.
  3619 | D:3      | 3619 ||| DRINKING 2 metallic sapphire potions.
  3620 | D:3      | 3620 ||| DRINKING 2 amethyst potions.
  3650 | D:4      | 3650 ||| PLANNING OSSUARY
  3666 | D:4      | Found a sand-covered staircase.
  3682 | Ossuary  | Entered an ossuary
  3960 | D:4      | 3960 ||| PLANNING SEWER
  3964 | D:4      | 3964 ||| Stepping ~*~*~tactically~*~*~ (stealth).
  3974 | D:4      | Reached skill level 9 in Axes
  4008 | D:4      | Found a runed translucent door.
  4008 | D:4      | Noticed qw's ghost (amateur GrFi)
  4051 | D:4      | Reached skill level 5 in Fighting
  4051 | D:4      | Reached XP level 7. HP: 50/61 MP: 6/6
  4087 | D:4      | 4087 ||| Stepping ~*~*~tactically~*~*~ (stealth).
  4092 | D:4      | 4092 ||| Stepping ~*~*~tactically~*~*~ (stealth).
  4123 | D:4      | 4123 ||| Stepping ~*~*~tactically~*~*~ (hiding).
  4170 | D:4      | Reached skill level 3 in Armour
  4214 | D:4      | 4214 ||| INVOKING Berserk.
  4396 | D:4      | Found a glowing drain.
  4414 | Sewer    | Entered a sewer
  4569 | Sewer    | Reached **** piety under Trog
  4814 | Sewer    | 4814 ||| Stepping ~*~*~tactically~*~*~ (water).
  4992 | Sewer    | 4992 ||| DRINKING 3 blue potions.
  4993 | Sewer    | 4993 ||| DRINKING 2 silvery potions.
  5034 | D:4      | 5034 ||| PLANNING D:1-11
  5048 | D:4      | Reached skill level 6 in Fighting
  5048 | D:4      | Reached XP level 8. HP: 70/70 MP: 7/7
  5359 | D:4      | 5359 ||| Stepping ~*~*~tactically~*~*~ (stealth).
  5401 | D:4      | 5401 ||| READING scroll labelled KIULETZ MITEA.
  5402 | D:4      | 5402 ||| READING 2 scrolls of identify.
  5402 | D:4      | 5402 ||| IDENTIFYING viscous yellow potion
  5403 | D:4      | 5403 ||| DROPPING potion of attraction.
  5418 | D:5      | Entered Level 5 of the Dungeon
  5429 | D:5      | 5429 ||| Stepping ~*~*~tactically~*~*~ (hiding).
  5433 | D:5      | 5433 ||| Stepping ~*~*~tactically~*~*~ (hiding).
  5494 | D:5      | 5494 ||| DROPPING +0 flail.
  5565 | D:5      | 5565 ||| INVOKING Berserk.
  5683 | D:5      | 5683 ||| Stepping ~*~*~tactically~*~*~ (stealth).
  5759 | D:5      | 5759 ||| Stepping ~*~*~tactically~*~*~ (hiding).
  5890 | D:5      | Found a sacrificial altar of Ru.
  5920 | D:5      | 5920 ||| Stepping ~*~*~tactically~*~*~ (hiding).
  5939 | D:5      | 5939 ||| Stepping ~*~*~tactically~*~*~ (hiding).
  5940 | D:5      | 5940 ||| Stepping ~*~*~tactically~*~*~ (stealth).
  5946 | D:5      | Reached skill level 12 in Axes
  5951 | D:5      | 5951 ||| Stepping ~*~*~tactically~*~*~ (stealth).
  6079 | D:5      | 6079 ||| READING scroll labelled KUXZAE POIGOREK.
  6080 | D:5      | 6080 ||| READING 2 scrolls of identify.
  6080 | D:5      | 6080 ||| IDENTIFYING white potion
  6081 | D:5      | 6081 ||| DROPPING potion of magic.
  6082 | D:5      | 6082 ||| READING 2 scrolls of teleportation.
  6107 | D:6      | 6107 ||| Stepping ~*~*~tactically~*~*~ (stealth).
  6111 | D:6      | 6111 ||| Stepping ~*~*~tactically~*~*~ (hiding).
  6195 | D:6      | Found a staircase to the Ecumenical Temple.
  6207 | D:6      | 6207 ||| INVOKING Berserk.
  6210 | D:6      | Reached skill level 7 in Fighting
  6342 | D:6      | 6342 ||| Stepping ~*~*~tactically~*~*~ (stealth).
  6343 | D:6      | Found Vafaungo's General Store.
  6351 | D:6      | Reached XP level 9. HP: 55/79 MP: 8/8
  6358 | D:6      | 6358 ||| INVOKING Berserk.
  6567 | D:6      | 6567 ||| SWAPPING to +2 war axe.
  6568 | D:6      | 6568 ||| DROPPING +1 hand axe.
  6572 | D:6      | 6572 ||| DROPPING +0 morningstar.
  6752 | D:6      | Reached skill level 8 in Fighting
  7044 | D:6      | 7044 ||| SHOPLISTING +9 plate armour of Limited Liability
                  | {Slay+2} (917 gold, have 288).
  7044 | D:6      | 7044 ||| BUYING potion of curing (33 gold).
  7044 | D:6      | Bought a potion of curing for 33 gold pieces
  7044 | D:6      | 7044 ||| BUYING potion of might (44 gold).
  7044 | D:6      | Bought a potion of might for 44 gold pieces
  7044 | D:6      | 7044 ||| BUYING ring of see invisible (165 gold).
  7044 | D:6      | Bought a ring of see invisible for 165 gold pieces
  7044 | D:6      | 7044 ||| UPGRADING to ring of see invisible.
  7046 | D:6      | 7046 ||| READING scroll labelled EMOPLO HUKK.
  7047 | D:6      | 7047 ||| READING scroll labelled TYUDOAMISHE.
  7048 | D:6      | 7048 ||| READING 3 scrolls of identify.
  7048 | D:6      | 7048 ||| IDENTIFYING fuming pink potion
  7049 | D:6      | 7049 ||| READING 2 scrolls of identify.
  7049 | D:6      | 7049 ||| IDENTIFYING red potion
  7050 | D:6      | 7050 ||| DROPPING potion of brilliance.
  7128 | D:7      | Reached ***** piety under Trog
  7168 | D:7      | 7168 ||| Stepping ~*~*~tactically~*~*~ (hiding).
  7169 | D:7      | 7169 ||| Stepping ~*~*~tactically~*~*~ (hiding).
  7171 | D:7      | 7171 ||| INVOKING Berserk.
  7318 | D:7      | Noticed a manticore
  7320 | D:7      | 7320 ||| INVOKING Berserk.
  7323 | D:7      | Killed a manticore
  7800 | D:7      | 7800 ||| Stepping ~*~*~tactically~*~*~ (stealth).
  7801 | D:7      | 7801 ||| Stepping ~*~*~tactically~*~*~ (stealth).
  7807 | D:7      | Reached skill level 3 in Dodging
  7842 | D:7      | 7842 ||| Stepping ~*~*~tactically~*~*~ (hiding).
  8358 | D:7      | 8358 ||| READING 2 scrolls of identify.
  8358 | D:7      | 8358 ||| IDENTIFYING clear potion
  8359 | D:7      | 8359 ||| DROPPING potion of invisibility.
  8441 | D:8      | Reached XP level 10. HP: 88/88 MP: 9/9
  8707 | D:8      | Found a staircase to the Lair.
  8761 | D:8      | 8761 ||| Stepping ~*~*~tactically~*~*~ (hiding).
  8776 | D:8      | 8776 ||| Stepping ~*~*~tactically~*~*~ (stealth).
  8789 | D:8      | 8789 ||| Stepping ~*~*~tactically~*~*~ (stealth).
  8793 | D:8      | 8793 ||| Stepping ~*~*~tactically~*~*~ (stealth).
  8795 | D:8      | 8795 ||| Stepping ~*~*~tactically~*~*~ (stealth).
  8800 | D:8      | 8800 ||| Stepping ~*~*~tactically~*~*~ (stealth).
  8808 | D:8      | 8808 ||| FLEEEEING.
  8810 | D:8      | 8810 ||| FLEEEEING.
  8811 | D:8      | 8811 ||| FLEEEEING.
  8814 | D:8      | 8814 ||| FLEEEEING.
  8815 | D:8      | 8815 ||| FLEEEEING.
  8816 | D:8      | 8816 ||| FLEEEEING.
  8817 | D:8      | 8817 ||| FLEEEEING.
  8886 | D:8      | 8886 ||| Stepping ~*~*~tactically~*~*~ (stealth).
  8888 | D:8      | 8888 ||| Stepping ~*~*~tactically~*~*~ (hiding).
  8930 | D:8      | 8930 ||| FLEEEEING.
  8931 | D:8      | 8931 ||| FLEEEEING.
  8932 | D:8      | 8932 ||| FLEEEEING.
  8933 | D:8      | 8933 ||| FLEEEEING.
  8958 | D:8      | Received a gift from Trog
  8959 | D:8      | Reached skill level 15 in Axes
  8959 | D:8      | 8959 ||| FLEEEEING.
  9003 | D:8      | 9003 ||| SWAPPING to +2 war axe of flaming.
  9004 | D:8      | 9004 ||| DROPPING +1 morningstar of freezing.
  9005 | D:8      | 9005 ||| DROPPING +2 war axe.
  9008 | D:8      | 9008 ||| Stepping ~*~*~tactically~*~*~ (stealth).
  9022 | D:8      | 9022 ||| Stepping ~*~*~tactically~*~*~ (stealth).
  9024 | D:8      | 9024 ||| Stepping ~*~*~tactically~*~*~ (hiding).
  9064 | D:8      | 9064 ||| Stepping ~*~*~tactically~*~*~ (stealth).
  9157 | D:8      | Reached skill level 9 in Fighting
  9362 | D:8      | Found a bloodstained altar of Trog.
  9542 | D:8      | 9542 ||| PLANNING LAIR
  9542 | D:8      | 9542 ||| UPGRADING to amulet of the acrobat.
  9547 | D:8      | 9547 ||| UPGRADING to ring of poison resistance.
  9617 | Lair:1   | Entered Level 1 of the Lair of Beasts
  9617 | Lair:1   | Noticed a cane toad
  9621 | Lair:1   | 9621 ||| INVOKING Berserk.
  9625 | Lair:1   | Killed a cane toad
  9765 | Lair:1   | Noticed a four-headed hydra
  9769 | Lair:1   | 9769 ||| Stepping ~*~*~tactically~*~*~ (stealth).
  9770 | Lair:1   | 9770 ||| INVOKING Berserk.
  9772 | Lair:1   | Killed a two-headed hydra
  9782 | Lair:1   | 9782 ||| INVOKING Brothers in Arms.
  9919 | Lair:1   | Noticed a seven-headed hydra
  9924 | Lair:1   | 9924 ||| INVOKING Berserk.
  9927 | Lair:1   | Killed a five-headed hydra
  9928 | Lair:1   | Reached skill level 10 in Fighting
  9928 | Lair:1   | Reached XP level 11. HP: 101/101 MP: 10/10
 10063 | Lair:1   | 10063 ||| Stepping ~*~*~tactically~*~*~ (hiding).
 10081 | Lair:1   | Identified the +7 whip of Ufati {holy, Str+2}
 10082 | Lair:1   | Noticed a five-headed hydra
 10083 | Lair:1   | 10083 ||| INVOKING Berserk.
 10086 | Lair:1   | Killed a two-headed hydra
 10297 | Lair:1   | Reached skill level 11 in Fighting
 10311 | Lair:1   | Reached skill level 12 in Fighting
 11138 | Lair:1   | 11138 ||| INVOKING Berserk.
 11292 | Lair:1   | 11292 ||| UPGRADING to +0 pair of gloves.
 11297 | Lair:1   | 11297 ||| UPGRADING to amulet of reflection.
 11307 | Lair:1   | 11307 ||| DROPPING amulet of the acrobat.
 11308 | Lair:1   | 11308 ||| DRINKING 2 orange potions.
 11347 | Lair:1   | 11347 ||| READING 4 scrolls of identify.
 11347 | Lair:1   | 11347 ||| IDENTIFYING murky pink potion
 11348 | Lair:1   | 11348 ||| DROPPING potion of berserk rage.
 11349 | Lair:1   | 11349 ||| DROPPING potion of lignification.
 11413 | Lair:2   | 11413 ||| INVOKING Berserk.
 11562 | Lair:2   | Noticed a catoblepas
 11565 | Lair:2   | 11565 ||| INVOKING Berserk.
 11571 | Lair:2   | Killed a catoblepas
 11576 | Lair:2   | Reached skill level 9 in Armour
 11647 | Lair:2   | You fall into a shaft and drop 2 floors!
 11649 | Lair:4   | 11649 ||| READING scroll labelled FEZ NOPUF MILL.
 11737 | Lair:2   | Noticed a death yak
 11737 | Lair:2   | Noticed a death yak
 11737 | Lair:2   | Noticed a death yak
 11738 | Lair:2   | Noticed a death yak
 11739 | Lair:2   | Noticed a death yak
 11740 | Lair:2   | Noticed a death yak
 11741 | Lair:2   | 11741 ||| Stepping ~*~*~tactically~*~*~ (stealth).
 11742 | Lair:2   | 11742 ||| INVOKING Berserk.
 11749 | Lair:2   | Noticed Urug
 11752 | Lair:2   | Killed a death yak
 11753 | Lair:2   | Reached skill level 13 in Fighting
 11755 | Lair:2   | Killed a death yak
 11762 | Lair:2   | Killed a death yak
 11764 | Lair:2   | Killed a death yak
 11765 | Lair:2   | Reached XP level 12. HP: 105/113 MP: 11/11
 11767 | Lair:2   | Killed a death yak
 11771 | Lair:2   | Killed Urug
 11772 | Lair:2   | Reached skill level 14 in Fighting
 11772 | Lair:2   | Killed a death yak
 11958 | Lair:2   | 11958 ||| FLEEEEING.
 11959 | Lair:2   | 11959 ||| FLEEEEING.
 11960 | Lair:2   | 11960 ||| FLEEEEING.
 12154 | Lair:2   | 12154 ||| FLEEEEING.
 12155 | Lair:2   | 12155 ||| FLEEEEING.
 12321 | Lair:2   | Reached skill level 3 in Throwing
 12514 | Lair:2   | 12514 ||| Stepping ~*~*~tactically~*~*~ (stealth).
 12658 | Lair:2   | 12658 ||| INVOKING Berserk.
 13265 | Lair:2   | 13265 ||| DROPPING amulet of magic regeneration.
 13266 | Lair:2   | 13266 ||| READING scroll labelled GOYXZOSH OXTA.
 13413 | Lair:3   | 13413 ||| Stepping ~*~*~tactically~*~*~ (stealth).
 13429 | Lair:3   | 13429 ||| Stepping ~*~*~tactically~*~*~ (stealth).
 13445 | Lair:3   | 13445 ||| Stepping ~*~*~tactically~*~*~ (stealth).
 13446 | Lair:3   | 13446 ||| Stepping ~*~*~tactically~*~*~ (stealth).
 13488 | Lair:3   | Noticed qw's ghost (journeyman TrCA)
 13608 | Lair:3   | Found a staircase to the Swamp.
 13808 | Lair:3   | 13808 ||| Stepping ~*~*~tactically~*~*~ (stealth).
 13838 | Lair:3   | 13838 ||| INVOKING Berserk.
 14032 | Lair:3   | 14032 ||| Stepping ~*~*~tactically~*~*~ (hiding).
 14034 | Lair:3   | 14034 ||| Stepping ~*~*~tactically~*~*~ (hiding).
 14107 | Lair:3   | Found a hole to the Spider Nest.
 14214 | Lair:3   | Found a transporter.
 14215 | Lair:3   | Found a transporter.
 14376 | Lair:4   | 14376 ||| Stepping ~*~*~tactically~*~*~ (stealth).
 14378 | Lair:4   | 14378 ||| Stepping ~*~*~tactically~*~*~ (stealth).
 14414 | Lair:4   | Found a staircase to the Slime Pits.
 14420 | Lair:4   | 14420 ||| Stepping ~*~*~tactically~*~*~ (stealth).
 14420 | Lair:4   | Found a viscous altar of Jiyva.
 14421 | Lair:4   | 14421 ||| Stepping ~*~*~tactically~*~*~ (stealth).
 14422 | Lair:4   | 14422 ||| Stepping ~*~*~tactically~*~*~ (stealth).
 14423 | Lair:4   | 14423 ||| Stepping ~*~*~tactically~*~*~ (stealth).
 14424 | Lair:4   | 14424 ||| Stepping ~*~*~tactically~*~*~ (stealth).
 14435 | Lair:4   | 14435 ||| FLEEEEING.
 14437 | Lair:4   | 14437 ||| FLEEEEING.
 14443 | Lair:4   | 14443 ||| Stepping ~*~*~tactically~*~*~ (stealth).
 14444 | Lair:4   | 14444 ||| Stepping ~*~*~tactically~*~*~ (stealth).
 14446 | Lair:4   | Reached skill level 6 in Throwing
 14449 | Lair:4   | 14449 ||| DRINKING potion of cancellation.
 14462 | Lair:4   | Reached skill level 6 in Dodging
 14675 | Lair:4   | Reached skill level 15 in Fighting
 14677 | Lair:4   | Received a gift from Trog
 14818 | Lair:4   | 14818 ||| INVOKING Berserk.
 14931 | Lair:4   | 14931 ||| INVOKING Berserk.
 14955 | Lair:4   | 14955 ||| INVOKING Brothers in Arms.
 15172 | Lair:4   | 15172 ||| INVOKING Berserk.
 15550 | Lair:5   | Entered Level 5 of the Lair of Beasts
 15551 | Lair:5   | 15551 ||| PLANNING GAUNTLET
 15553 | Lair:5   | 15553 ||| STAIRDANCE
 15557 | Lair:5   | 15557 ||| STAIRDANCE
 15569 | Lair:4   | Reached XP level 13. HP: 126/126 MP: 12/12
 15571 | Lair:5   | 15571 ||| STAIRDANCE
 15573 | Lair:4   | 15573 ||| INVOKING Berserk.
 15636 | Lair:5   | 15636 ||| STAIRDANCE
 15638 | Lair:4   | 15638 ||| INVOKING Berserk.
 15758 | Lair:5   | 15758 ||| INVOKING Berserk.
 15765 | Lair:5   | 15765 ||| STAIRDANCE
 16015 | Lair:5   | 16015 ||| Stepping ~*~*~tactically~*~*~ (stealth).
 16017 | Lair:5   | 16017 ||| Stepping ~*~*~tactically~*~*~ (stealth).
 16019 | Lair:5   | 16019 ||| INVOKING Berserk.
 16028 | Lair:5   | Reached skill level 9 in Throwing
 16042 | Lair:5   | 16042 ||| RIP GAUNTLET
 16043 | Lair:5   | 16043 ||| PLANNING LAIR
 16102 | Lair:5   | 16102 ||| INVOKING Berserk.
 16114 | Lair:5   | Reached skill level 16 in Fighting
 16251 | Lair:5   | 16251 ||| Stepping ~*~*~tactically~*~*~ (stealth).
 16502 | Lair:5   | 16502 ||| Stepping ~*~*~tactically~*~*~ (cloud).
 16506 | Lair:5   | 16506 ||| Stepping ~*~*~tactically~*~*~ (hiding).
 16510 | Lair:5   | 16510 ||| INVOKING Berserk.
 16649 | Lair:5   | 16649 ||| Stepping ~*~*~tactically~*~*~ (hiding).
 16650 | Lair:5   | 16650 ||| INVOKING Berserk.
 16797 | Lair:5   | 16797 ||| INVOKING Brothers in Arms.
 16800 | Lair:5   | 16800 ||| INVOKING Berserk.
 16805 | Lair:5   | Reached skill level 17 in Fighting
 16818 | Lair:5   | 16818 ||| Stepping ~*~*~tactically~*~*~ (cloud).
 16819 | Lair:5   | 16819 ||| Stepping ~*~*~tactically~*~*~ (cloud).
 16820 | Lair:5   | 16820 ||| Stepping ~*~*~tactically~*~*~ (cloud).
 16822 | Lair:5   | 16822 ||| Stepping ~*~*~tactically~*~*~ (cloud).
 16823 | Lair:5   | 16823 ||| Stepping ~*~*~tactically~*~*~ (cloud).
 16824 | Lair:5   | 16824 ||| Stepping ~*~*~tactically~*~*~ (cloud).
 16826 | Lair:5   | 16826 ||| Stepping ~*~*~tactically~*~*~ (cloud).
 16827 | Lair:5   | 16827 ||| Stepping ~*~*~tactically~*~*~ (cloud).
 16978 | Lair:5   | 16978 ||| INVOKING Berserk.
 17099 | Lair:5   | Identified the +8 war axe of Outrage {venom, rPois Will++}
 17238 | Lair:5   | 17238 ||| PLANNING D:1-11
 17238 | Lair:5   | 17238 ||| UPGRADING to +0 buckler.
 17243 | Lair:5   | 17243 ||| DROPPING ring of magical power.
 17405 | D:9      | 17405 ||| STAIRDANCE
 17418 | D:9      | 17418 ||| STAIRDANCE
 17437 | D:9      | Reached skill level 1 in Shields
 17524 | D:9      | 17524 ||| Stepping ~*~*~tactically~*~*~ (hiding).
 17525 | D:9      | 17525 ||| Stepping ~*~*~tactically~*~*~ (hiding).
 17759 | D:9      | 17759 ||| Stepping ~*~*~tactically~*~*~ (hiding).
 17761 | D:9      | 17761 ||| Stepping ~*~*~tactically~*~*~ (hiding).
 17884 | D:9      | 17884 ||| Stepping ~*~*~tactically~*~*~ (stealth).
 17888 | D:9      | 17888 ||| Stepping ~*~*~tactically~*~*~ (stealth).
 17890 | D:9      | 17890 ||| Stepping ~*~*~tactically~*~*~ (stealth).
 17919 | D:9      | Received a gift from Trog
 17924 | D:9      | Reached skill level 3 in Shields
 17969 | D:9      | 17969 ||| DROPPING +5 antimagic broad axe.
 18037 | D:9      | 18037 ||| Stepping ~*~*~tactically~*~*~ (stealth).
 18338 | D:9      | 18338 ||| DROPPING ring of willpower.
 18351 | D:10     | Entered Level 10 of the Dungeon
 18432 | D:10     | 18432 ||| Stepping ~*~*~tactically~*~*~ (stealth).
 18433 | D:10     | 18433 ||| Stepping ~*~*~tactically~*~*~ (stealth).
 18440 | D:10     | 18440 ||| DRINKING 8 potions of curing.
 18440 | D:10     | 18440 ||| (to cure confusion)
 18722 | D:10     | 18722 ||| Stepping ~*~*~tactically~*~*~ (stealth).
 18920 | D:10     | 18920 ||| INVOKING Brothers in Arms.
 18923 | D:10     | 18923 ||| INVOKING Berserk.
 18927 | D:10     | Reached XP level 14. HP: 140/140 MP: 13/13
 19033 | D:10     | 19033 ||| READING scroll of enchant weapon.
 19033 | D:10     | 19033 ||| ENCHANTING +2 vampiric war axe.
 19039 | D:10     | 19039 ||| UPGRADING to +2 cloak.
 19089 | D:11     | Noticed Psyche
 19098 | D:11     | Killed Psyche
 19121 | D:11     | Reached skill level 6 in Shields
 19245 | D:11     | Found a one-way gate to the infinite horrors of the Abyss.
 19245 | D:11     | Noticed qw's ghost (journeyman GrFi)
 19258 | D:11     | Found a transporter.
 19298 | D:11     | Noticed Snorg
 19299 | D:11     | 19299 ||| INVOKING Brothers in Arms.
 19300 | D:11     | 19300 ||| INVOKING Brothers in Arms.
 19302 | D:11     | 19302 ||| INVOKING Berserk.
 19305 | D:11     | Killed Snorg
 19480 | D:11     | 19480 ||| Stepping ~*~*~tactically~*~*~ (hiding).
 19500 | D:11     | 19500 ||| Stepping ~*~*~tactically~*~*~ (stealth).
 19502 | D:11     | 19502 ||| Stepping ~*~*~tactically~*~*~ (hiding).
 19686 | D:11     | 19686 ||| INVOKING Berserk.
 19815 | D:11     | Noticed Erolcha
 19816 | D:11     | 19816 ||| INVOKING Trog's Hand.
 19817 | D:11     | 19817 ||| INVOKING Berserk.
 19823 | D:11     | Killed Erolcha
 19940 | D:11     | 19940 ||| Stepping ~*~*~tactically~*~*~ (hiding).
 19952 | D:11     | 19952 ||| Stepping ~*~*~tactically~*~*~ (hiding).
 19954 | D:11     | 19954 ||| Stepping ~*~*~tactically~*~*~ (hiding).
 19955 | D:11     | 19955 ||| Stepping ~*~*~tactically~*~*~ (hiding).
 20002 | D:11     | Found a staircase to the Orcish Mines.
 20045 | D:11     | You fall into a shaft and drop 3 floors!
 20075 | D:14     | 20075 ||| Stepping ~*~*~tactically~*~*~ (hiding).
 20198 | D:13     | 20198 ||| INVOKING Berserk.
 20223 | D:13     | Reached skill level 9 in Shields
 20494 | D:13     | 20494 ||| INVOKING Trog's Hand.
 20516 | Abyss:2  | Cast into level 2 of the Abyss (a wizard)
 20547 | Abyss:2  | Noticed a starcursed mass
 20561 | Abyss:2  | Reached skill level 12 in Armour
 20564 | Abyss:2  | 20564 ||| Stepping ~*~*~tactically~*~*~ (stealth).
 20689 | Abyss:2  | 20689 ||| Stepping ~*~*~tactically~*~*~ (stealth).
 20708 | Abyss:2  | Noticed a balrug
 20709 | Abyss:2  | 20709 ||| INVOKING Berserk.
 20714 | Abyss:2  | Killed a balrug
 20735 | Abyss:2  | 20735 ||| INVOKING Trog's Hand.
 20740 | Abyss:2  | 20740 ||| INVOKING Trog's Hand.
 20761 | Abyss:2  | 20761 ||| INVOKING Trog's Hand.
 20784 | D:13     | Escaped the Abyss
 20843 | D:13     | Found a gate to the Vaults.
 20997 | D:13     | 20997 ||| INVOKING Berserk.
 21144 | D:13     | 21144 ||| Stepping ~*~*~tactically~*~*~ (stealth).
 21145 | D:13     | 21145 ||| Stepping ~*~*~tactically~*~*~ (stealth).
 21149 | D:13     | 21149 ||| INVOKING Brothers in Arms.
 21152 | D:13     | 21152 ||| SWAPPING to +1 eveningstar of draining.
 21154 | D:13     | 21154 ||| INVOKING Berserk.
 21187 | D:13     | 21187 ||| SWAPPING to +3 vampiric war axe.
 21498 | D:11     | Found a transporter.
 21675 | D:11     | 21675 ||| PLANNING D
 21855 | D:12     | Noticed an orc warlord
 22105 | D:12     | 22105 ||| Stepping ~*~*~tactically~*~*~ (stealth).
 22106 | D:12     | 22106 ||| Stepping ~*~*~tactically~*~*~ (stealth).
 22164 | D:12     | 22164 ||| Stepping ~*~*~tactically~*~*~ (hiding).
 22569 | D:12     | Reached skill level 18 in Fighting
 22570 | D:12     | Found a runed translucent gate.
 22570 | D:12     | Found a runed translucent gate.
 22570 | D:12     | Found a runed translucent gate.
 22590 | D:12     | Noticed a fire giant
 22609 | D:12     | 22609 ||| Stepping ~*~*~tactically~*~*~ (hiding).
 22627 | D:12     | 22627 ||| INVOKING Berserk.
 22934 | D:12     | Found a runed translucent gate.
 22934 | D:12     | Found a runed translucent gate.
 22934 | D:12     | Found a runed translucent gate.
 23059 | D:13     | Reached XP level 15. HP: 132/149 MP: 14/14
 23084 | D:13     | 23084 ||| FLEEEEING.
 23085 | D:13     | 23085 ||| FLEEEEING.
 23086 | D:13     | 23086 ||| FLEEEEING.
 23087 | D:13     | 23087 ||| FLEEEEING.
 23088 | D:13     | 23088 ||| FLEEEEING.
 23092 | D:13     | 23092 ||| STAIRDANCE
 23396 | D:13     | 23396 ||| INVOKING Berserk.
 23682 | D:14     | 23682 ||| INVOKING Brothers in Arms.
 23683 | D:14     | 23683 ||| SWAPPING to +1 eveningstar of draining.
 23684 | D:14     | 23684 ||| INVOKING Berserk.
 23691 | D:14     | 23691 ||| SWAPPING to +3 vampiric war axe.
 23976 | D:14     | 23976 ||| Stepping ~*~*~tactically~*~*~ (hiding).
 23977 | D:14     | 23977 ||| Stepping ~*~*~tactically~*~*~ (hiding).
 24125 | D:14     | 24125 ||| FLEEEEING.
 24129 | D:14     | 24129 ||| FLEEEEING.
 24130 | D:14     | 24130 ||| FLEEEEING.
 24134 | D:14     | 24134 ||| FLEEEEING.
 24328 | D:14     | Noticed Agnes
 24331 | D:14     | 24331 ||| INVOKING Berserk.
 24344 | D:14     | Killed Agnes
 24596 | D:14     | 24596 ||| Stepping ~*~*~tactically~*~*~ (hiding).
 24709 | D:14     | Found a runed translucent gate.
 24709 | D:14     | Noticed Ficoysum's ghost (journeyman GnWn)
 24710 | D:14     | Found a runed translucent gate.
 24712 | D:14     | Found a runed translucent gate.
 24713 | D:14     | Identified the +3 plate armour of Truth {*Slow rF+ Dex+6}
 24841 | D:14     | 24841 ||| SWAPPING to +1 eveningstar of draining.
 24842 | D:14     | 24842 ||| SWAPPING to +3 vampiric war axe.
 24844 | D:14     | 24844 ||| SWAPPING to +1 eveningstar of draining.
 24845 | D:14     | 24845 ||| INVOKING Berserk.
 24924 | D:14     | 24924 ||| SWAPPING to +3 vampiric war axe.
 25121 | D:14     | Identified the +6 falchion of Kuatud {holy, rPois rC- Int+2
                  | Dex+2}
 25127 | D:14     | 25127 ||| DROPPING +6 ring of dexterity.
 25145 | D:15     | Entered Level 15 of the Dungeon
 25161 | D:15     | Noticed Kirke
 25161 | D:15     | 25161 ||| INVOKING Trog's Hand.
 25168 | D:15     | 25168 ||| INVOKING Berserk.
 25174 | D:15     | Killed Kirke
 25525 | D:15     | Found a radiant altar of Vehumet.
 25635 | D:15     | 25635 ||| INVOKING Trog's Hand.
 25636 | D:15     | 25636 ||| INVOKING Berserk.
 25666 | D:15     | 25666 ||| Stepping ~*~*~tactically~*~*~ (stealth).
 25667 | D:15     | 25667 ||| Stepping ~*~*~tactically~*~*~ (stealth).
 25669 | D:15     | 25669 ||| INVOKING Trog's Hand.
 25674 | D:15     | Reached skill level 19 in Fighting
 25811 | D:15     | Found a staircase to the Depths.
 25912 | D:15     | Noticed Jorgrun
 25915 | D:15     | 25915 ||| INVOKING Berserk.
 25922 | D:15     | Killed Jorgrun
 26171 | D:15     | Identified the +1 pair of boots of the Swamp {*Slow Fly
                  | Str+8 Dex+2}
 26278 | D:15     | 26278 ||| PLANNING ORC
 26278 | D:15     | 26278 ||| UPGRADING to +1 pair of boots of the Swamp {*Slow
                  | Fly Str+8 Dex+2}.
 26417 | Orc:1    | Entered Level 1 of the Orcish Mines
 26427 | Orc:1    | 26427 ||| INVOKING Trog's Hand.
 26429 | Orc:1    | 26429 ||| INVOKING Berserk.
 26554 | Orc:1    | 26554 ||| Stepping ~*~*~tactically~*~*~ (hiding).
 26560 | Orc:1    | 26560 ||| INVOKING Trog's Hand.
 26561 | Orc:1    | 26561 ||| INVOKING Berserk.
 26590 | Orc:1    | 26590 ||| Stepping ~*~*~tactically~*~*~ (stealth).
 26591 | Orc:1    | 26591 ||| Stepping ~*~*~tactically~*~*~ (stealth).
 26694 | Orc:1    | 26694 ||| Stepping ~*~*~tactically~*~*~ (stealth).
 26695 | Orc:1    | 26695 ||| Stepping ~*~*~tactically~*~*~ (stealth).
 26697 | Orc:1    | 26697 ||| Stepping ~*~*~tactically~*~*~ (hiding).
 26958 | Orc:1    | Found a transporter.
 26960 | Orc:1    | Found a sparkling altar of Nemelex Xobeh.
 26960 | Orc:1    | Found a transporter.
 26991 | Orc:1    | Found a transporter.
 26991 | Orc:1    | Noticed a juggernaut
 26992 | Orc:1    | Found a transporter.
 26993 | Orc:1    | Found a transporter.
 26994 | Orc:1    | 26994 ||| READING 6 scrolls of teleportation.
 27049 | Orc:2    | Entered Level 2 of the Orcish Mines
 27406 | Orc:2    | 27406 ||| INVOKING Berserk.
 27450 | Orc:2    | 27450 ||| Stepping ~*~*~tactically~*~*~ (stealth).
 28373 | Orc:2    | Reached skill level 9 in Dodging
 29805 | Orc:2    | Noticed Josephine
 29812 | Orc:2    | Killed Josephine
 29844 | Orc:2    | 29844 ||| FLEEEEING.
 29845 | Orc:2    | 29845 ||| FLEEEEING.
 29846 | Orc:2    | 29846 ||| FLEEEEING.
 29847 | Orc:2    | 29847 ||| STAIRDANCE
 29921 | Orc:2    | 29921 ||| STAIRDANCE
 35400 | Orc:1    | Glimpsed the power of Zot.
 35800 | Orc:1    | Glimpsed the power of Zot.
 36120 | Orc:1    | Glimpsed the power of Zot.
 36200 | Orc:1    | Touched by the power of Zot.
 36201 | Orc:2    | Glimpsed the power of Zot.
 36601 | Orc:2    | Glimpsed the power of Zot.
 36921 | Orc:2    | Glimpsed the power of Zot.
 37000 | Orc:1    | Touched by the power of Zot.
 37001 | Orc:2    | Glimpsed the power of Zot.
 37401 | Orc:2    | Glimpsed the power of Zot.
 37721 | Orc:2    | Glimpsed the power of Zot.
 37800 | Orc:1    | Touched by the power of Zot.
 37801 | Orc:2    | Glimpsed the power of Zot.
 38201 | Orc:2    | Glimpsed the power of Zot.
 38521 | Orc:2    | Glimpsed the power of Zot.
 38600 | Orc:1    | Tarried too long and was consumed by Zot

Levels and vault maps discovered:
D:1:      dpeg_arrival_castle, layout_basic, shapermc_ecumenical_altar_ellora
D:2:      layout_loops_ring, hangedman_decor_lopped, eino_tiny_chamber
D:3:      layout_loops_corners, minmay_diced_spiral, uniq_pargi
D:4:      wander_river, layout_rooms, cheibrodos_sewer_entry_sluice,
          lightli_ossuary_entry_decrepit_ruins, gammafunk_ghost_grave,
          grunt_ministairs_1, amethyst_killhole, nicolae_figureground_sparkle
D:5:      layout_rooms, mainiacjoe_overflow_brackets
D:6:      layout_rooms, minmay_temple_entry_large_hall, serial_shops,
          nicolae_inconvenience_store, abandoned_shop
D:7:      layout_basic, minmay_manual_mail
D:8:      lemuel_ratsnest, layout_loops_cross, kennysheep_little_box
D:9:      layout_cave_pods
D:10:     layout_small_grid, minivault_1
D:11:     layout_roguey, david_orc_4, gammafunk_ghost_abyssal_escape,
          serial_bayou_pond_c, uniq_psyche, uniq_snorg, uniq_erolcha
D:12:     kennysheep_treasure_stockpile, layout_basic, grunt_ministairs_3
D:13:     layout_roguey, grunt_vaults_entry_tiered,
          hangedman_abyss_or_decor_stabs
D:14:     layout_basic, biasface_ghost_orc_armoury, kennysheep_doodads,
          kennysheep_generic_room_7, uniq_agnes
D:15:     grunt_enter_depths_magical_seal, layout_irregular_city,
          nicolae_vehumet_radiance, uniq_kirke, uniq_jorgrun
Lair:1:   layout_cave_pods, lemuel_fruit_tree, grunt_megastairs_1
Lair:2:   layout_cave_pods, worms_lemuel, grunt_megastairs_4,
          infiniplex_staircase_pool, serial_bayou_shore_b, serial_bayou_shore_b,
          serial_bayou_shore_a, uniq_urug
Lair:3:   layout_loops_ring, swamp_mist_pool,
          hellmonk_spider_entry_life_and_decay, gammafunk_ghost_hive,
          lemuel_fruit_fields
Lair:4:   layout_regular_city, minmay_slime_entry_jelly_boxes,
          grunt_megastairs_3
Lair:5:   evilmike_catoblepas_cave, layout_cave_shapes, gauntlet_entry_generic,
          dreamdust_gnoll_shepherd
Orc:1:    layout_diamond_mine, hellmonk_jugg_or_not
Orc:2:    st_orc_ogre_mass, layout_diamond_mine, uniq_josephine, uniq_maurice

Skill      XL: |  1  2  3  4  5  6  7  8  9 10 11 12 13 14 15 |
---------------+----------------------------------------------+-----
Axes           | 4 5 7 9 10 12 14 16 | 16.1
Fighting       | 4 5 6 7 8 10 13 15 17 18 19 | 19.0
Armour         | 3 4 5 7 10 11 13 14 | 14.0
Throwing       | 2 8 9 10 | 10.0
Dodging        | 3 5 6 7 9 |  9.3
Shields        | 5 11 | 11.6

Action                   |  1- 3 |  4- 6 |  7- 9 | 10-12 | 13-15 || total
-------------------------+-------+-------+-------+-------+-------++-------
Melee: Hand axe          |    74 |   145 |   310 |       |       ||   529
       Headbutt          |    10 |    21 |    49 |    83 |   217 ||   380
       Punch             |       |     3 |     7 |     7 |     3 ||    20
       War axe           |       |       |   106 |   442 |   861 ||  1409
       Eveningstar       |       |       |       |       |    15 ||    15
Throw: Boomerang         |       |    28 |    88 |    43 |    20 ||   179
       Javelin           |       |       |       |    39 |    87 ||   126
Invok: Berserk           |       |     2 |     6 |    13 |    28 ||    49
       Brothers in Arms  |       |       |       |     2 |     5 ||     7
       Trog's Hand       |       |       |       |       |    10 ||    10
  Use: Scroll            |     2 |     7 |    10 |     3 |     2 ||    24
       Potion            |       |     2 |     2 |     2 |     1 ||     7
 Stab: Petrified         |       |       |       |       |     4 ||     4
       Distracted        |       |       |       |       |     1 ||     1
Armor: Animal skin       |     6 |       |       |       |       ||     6
       Ring mail         |    10 |    33 |       |       |       ||    43
       Chain mail        |       |    12 |   227 |   238 |   336 ||   813
Dodge: Dodged            |    40 |    68 |   121 |   141 |   244 ||   614
Block: Other             |       |       |       |    33 |    21 ||    54
       Buckler           |       |       |       |       |   299 ||   299
       Reflection        |       |       |       |       |    13 ||    13

Table legend:
 A = Non-vault XP
 B = Vault XP
 C = Vault XP percentage of total XP
 D = Non-vault monster count
 E = Vault monster count
 F = Vault count percentage of total count
                 A         B        C        D         E       F
            +---------+---------+-------+---------+---------+-------
      Total |   88760 |   45326 |  33.8 |     479 |     213 |  30.8
            +---------+---------+-------+---------+---------+-------
        D:1 |      39 |       0 |   0.0 |      22 |       0 |   0.0
        D:2 |      86 |       0 |   0.0 |      22 |       0 |   0.0
        D:3 |     190 |     150 |  44.1 |      20 |       6 |  23.1
        D:4 |     729 |      10 |   1.4 |      35 |       4 |  10.3
        D:5 |     659 |       0 |   0.0 |      21 |       0 |   0.0
        D:6 |    1546 |       0 |   0.0 |      33 |       0 |   0.0
        D:7 |     829 |     803 |  49.2 |      15 |       5 |  25.0
        D:8 |     824 |     638 |  43.6 |      16 |      32 |  66.7
        D:9 |    3073 |       0 |   0.0 |      27 |       0 |   0.0
       D:10 |    2914 |       0 |   0.0 |      15 |       0 |   0.0
       D:11 |    3187 |    2740 |  46.2 |      14 |      17 |  54.8
       D:12 |    1117 |    6453 |  85.2 |      14 |      16 |  53.3
       D:13 |   11031 |    7141 |  39.3 |      21 |      25 |  54.3
       D:14 |    7162 |    2891 |  28.8 |      11 |       5 |  31.2
       D:15 |    4162 |    7759 |  65.1 |      11 |      13 |  54.2
     Lair:1 |   10661 |       0 |   0.0 |      39 |       0 |   0.0
     Lair:2 |    8281 |    1115 |  11.9 |      24 |       3 |  11.1
     Lair:3 |     800 |     900 |  52.9 |       6 |       4 |  40.0
     Lair:4 |    9705 |    1731 |  15.1 |      38 |      18 |  32.1
     Lair:5 |    7613 |   11002 |  59.1 |      16 |      26 |  61.9
      Orc:1 |    2677 |       0 |   0.0 |      22 |       0 |   0.0
      Orc:2 |    1810 |    1544 |  46.0 |      19 |       4 |  17.4
    Abyss:2 |    9665 |       0 |   0.0 |      18 |       0 |   0.0
      Sewer |       0 |     305 | 100.0 |       0 |      25 | 100.0
    Ossuary |       0 |     144 | 100.0 |       0 |      10 | 100.0
            +---------+---------+-------+---------+---------+-------
